 Dungeon Crawl Stone Soup version 0.31-a0-4-gefa6de2278 (webtiles) character file.

Game seed: 4679827481402460821

23 Maxmaps the Conjurer (level 2, 0/19 HPs)
             Began as a Demonspawn Conjurer on May 5, 2023.
             Slain by a hobgoblin (5 damage)
             ... on level 1 of the Dungeon.
             The game lasted 00:00:41 (403 turns).

Maxmaps the Conjurer (Demonspawn Conjurer)           Turns: 403, Time: 00:00:41

Health: 0/19       AC:  2    Str:  7    XL:     2   Next: 75%
Magic:  4/5        EV: 12    Int: 19    God:
Gold:   0          SH:  0    Dex: 11    Spells: 5/6 levels left

rFire   . .          .
                       - Unarmed
rCold   . . .        (no shield)
rNeg    . . .        a - +0 robe
rPois   .            (no helmet)
rElec   .            (no cloak)
rCorr   .            (no gloves)
SInv    .            (no boots)
Will    .....        (no amulet)
Stlth   ++           (no ring)
HPRegen 0.23/turn    (no ring)
MPRegen 0.09/turn

%: no passive effects
@: no status effects
A: claws 1
a: no special abilities


You were on level 1 of the Dungeon.
You visited 1 branch of the dungeon, and saw 1 of its levels.

Inventory:

Armour
 a - a +0 robe (worn)
Potions
 b - a potion of magic
 c - a potion of lignification {unknown}
 d - a potion of berserk rage {unknown}


   Skills:
 - Level 1.7 Dodging
 - Level 1.7 Stealth
 + Level 1.4 Unarmed Combat
 - Level 2.6 Spellcasting
 - Level 4.0 Conjurations


You had 5 spell levels left.
You knew the following spells:

 Your Spells              Type           Power      Damage    Failure   Level
a - Magic Dart            Conj           68%        1d6       3%          1

Your spell library contained the following spells:

 Spells                   Type           Power      Damage    Failure   Level
 Searing Ray              Conj           34%        2d5       4%          2
 Dazzling Flash           Conj/Hex       20%        N/A       22%         3
 Ozocubu's Armour         Ice            2%         N/A       43%         3
 Fulminant Prism          Conj/Hex       5%         3d7       56%         4
 Iskenderun's Mystic Bla  Conj/Tloc      10%        2d4       56%         4
 Ozocubu's Refrigeration  Ice            1%         4d7       100%        7


Dungeon Overview and Level Annotations

Branches:
Dungeon (1/15)

Altars:


Innate Abilities, Weirdness & Mutations

You have sharp fingernails.


Message History

You are too injured to fight recklessly!
You are too injured to fight recklessly!
You are too injured to fight recklessly!
You are too injured to fight recklessly!
You are too injured to fight recklessly!
You are too injured to fight recklessly!
You are too injured to fight recklessly!
You are too injured to fight recklessly!
You are too injured to fight recklessly!
You are too injured to fight recklessly!
You are too injured to fight recklessly!
You are too injured to fight recklessly!
You are too injured to fight recklessly!
You are too injured to fight recklessly!
You barely miss the hobgoblin.
The hobgoblin is severely wounded.
The hobgoblin barely misses you. x2
You scratch the hobgoblin.
You kill the hobgoblin!
You scratch the hobgoblin but do no damage.
The hobgoblin barely misses you.
You barely miss the hobgoblin. The hobgoblin barely misses you.
The hobgoblin closely misses you.
You closely miss the hobgoblin. The hobgoblin hits you.
The hobgoblin barely misses you.
You barely miss the hobgoblin. The hobgoblin hits you.
The hobgoblin closely misses you.
You closely miss the hobgoblin. The hobgoblin hits you.
* * * LOW HITPOINT WARNING * * *
The hobgoblin hits you but does no damage.
You barely miss the hobgoblin. The hobgoblin barely misses you. x2
Casting: Magic Dart (safe; 3% risk of failure)
Confirm with . or Enter, or press ? or * to list all spells.
Aiming: Magic Dart (safe; 3% risk of failure)
Press: ? - help, Shift-Dir - straight line, f - hobgoblin
Aim: a hobgoblin (100% to hit)
The magic dart hits the hobgoblin.
The hobgoblin is severely wounded.
The hobgoblin hits you.
You die...

..~....##
..≈.)...######
.#≈#).........
.#≈##...######
.#≈###........ ##
.###.......... ≈# ##
###.######. ≈#
#.######.######≈###.#
#......#.##@g..~....#.
######.#.##g##.~......
#.#.##.##.~.....#
#.#.#...##≈#...##
#.#......#≈#..##
#.#)....#### ..#
#.#.)#.## ..# #....#.#
... ###.##.#


You could see 2 hobgoblins.

Vanquished Creatures
  A gnoll (D:1)
  3 endoplasms (D:1)
  3 goblins (D:1)
  A hobgoblin (D:1)
  A kobold (D:1)
  A quokka (D:1)
  2 rats (D:1)
12 creatures vanquished.

Notes
Turn   | Place    | Note
-------+----------+-------------------------------------------
     0 | D:1      | Maxmaps the Demonspawn Conjurer began the quest for the
                  | Orb.
     0 | D:1      | Reached XP level 1. HP: 13/13 MP: 3/3
   225 | D:1      | Gained mutation: You have sharp fingernails. [demonic
                  | ancestry]
   225 | D:1      | Reached XP level 2. HP: 19/19 MP: 1/5
   296 | D:1      | Reached skill level 1 in Unarmed Combat
   403 | D:1      | Slain by a hobgoblin

Illustrated notes

Levels and vault maps discovered:
D:1:      minmay_arrival_stone_box, layout_loops_ring, serial_rivers,
          chequers_serial_rivers_micro_a, chequers_serial_rivers_marsh,
          chequers_serial_rivers_micro_d, chequers_serial_rivers_micro_e,
          chequers_serial_rivers_room_a, chequers_serial_rivers_micro_b,
          kennysheep_small_spiral

Skill      XL: |  1  2 |
---------------+-------+-----
Unarmed Combat | 1 |  1.4
Dodging        | |  1.7
Stealth        | |  1.7
Spellcasting   | |  2.6
Conjurations   | |  4.0

Action                     || total
---------------------------++-------
  Melee: Unarmed           ||    28
   Cast: Magic Dart        ||    19
 Armour: Robe              ||     3
  Dodge: Dodged            ||    21

Table legend: (Time is in decaauts)
 A = Elapsed time spent in this place.
 B = Non-inter-level travel time spent in this place.
 C = Inter-level travel time spent in this place.
 D = Time resting spent in this place.
 E = Time spent auto-exploring this place.
 F = Levels seen in this place.
 G = Mean time per level.
                   A        B        C        D        E       F      G
               +--------+--------+--------+--------+--------+-----+--------+
         Total |    404 |    404 |      0 |    104 |    224 |   1 |  404.0 |
       Dungeon |    404 |    404 |      0 |    104 |    224 |   1 |  404.0 |
               +--------+--------+--------+--------+--------+-----+--------+

Top non-repeatable levels by time:
     D:1: 404 daAuts
